 Dungeon Crawl Stone Soup version 0.29-a0-919-gd064cfad1c (webtiles) character file.

Game seed: 7542192185124195241

179 quixfox the Digger (level 5, 0/28 HPs)
             Began as a Gargoyle Earth Elementalist on July 27, 2022.
             Slain by a river rat (7 damage)
             ... in a sewer.
             The game lasted 00:05:41 (2736 turns).

quixfox the Digger (Gargoyle Earth Elementalist)    Turns: 2736, Time: 00:05:42

Health: 0/28       AC:  8    Str: 12    XL:     5   Next: 59%
Magic:  3/10       EV: 11    Int: 17    God:
Gold:   167        SH:  0    Dex: 10    Spells: 5/11 levels left

rFire   . . .      SeeInvis .   e - +3 whip
rCold   . . .      Faith    .   (no shield)
rNeg    + . .      Spirit   .   a - +0 robe
rPois   ∞          Reflect  .   g - +2 hat
rElec   +          Harm     .   (no cloak)
rCorr   .          Rampage  .   (no gloves)
Will    .....                   (no boots)
Stlth   ++........              (no amulet)
HPRegen 0.09/turn               (no ring)
MPRegen 0.12/turn               (no ring)

@: no status effects
A: sickness immunity, AC +4, negative energy resistance 1, electricity
resistance, torment resistance 1, petrification resistance
a: no special abilities


You were in a sewer.
You visited 1 branch of the dungeon, and saw 3 of its levels.
You also visited: Sewer.

You collected 167 gold pieces.

Inventory:

Hand Weapons
 e - a +3 whip (weapon)
Armour
 a - a +0 robe (worn)
 g - a +2 hat (worn)
Scrolls
 f - a scroll of blinking
 i - a scroll of teleportation {unknown}
 j - 2 scrolls of noise
 k - a scroll of vulnerability {unknown}
 l - a scroll of silence {unknown}
 n - a scroll of fear {unknown}
Potions
 b - 2 potions of magic
 c - 4 potions of flight
 d - a potion of brilliance
 h - 2 potions of invisibility


   Skills:
 - Level 1.5 Dodging
 - Level 2.1 Stealth
 + Level 3.5 Spellcasting
 + Level 2.4 Conjurations
 - Level 0.7 Transmutations
 + Level 5.3 Earth Magic


You had 5 spell levels left.
You knew the following spells:

 Your Spells              Type           Power      Damage    Failure   Level
a - Sandblast             Erth           42%        2d11      1%          1
b - Passwall              Tmut/Erth      10%        N/A       7%          2
c - Stone Arrow           Conj/Erth      32%        3d9       10%         3

Your spell library contained the following spells:

 Spells                   Type           Power      Damage    Failure   Level
 Petrify                  Tmut/Erth      13%        N/A       43%         4


Dungeon Overview and Level Annotations

Branches:
Dungeon (3/15)              Sewer (1/1)

Altars:


Innate Abilities, Weirdness & Mutations

You are immune to sickness and miasma.
Your stone body is resilient. (AC +4)
You are immune to poison.
You resist negative energy. (rN+)
You are resistant to electric shocks. (rElec)
You are resistant to unholy torment.
You are immune to petrification.


Message History

Press: ? - help, Q - select action, (/) - cycle Shift-Dir - straight line, f/p - river rat
Aim: a river rat (81% to hit)
The blast of sand hits the river rat but does no damage.
The river rat bites you. x2; The river rat barely misses you. x2
Aiming: Sandblast (safe; 1% risk of failure)
Press: ? - help, Q - select action, (/) - cycle Shift-Dir - straight line, f/p - river rat
Aim: a river rat (81% to hit)
The blast of sand hits the river rat.
The river rat is heavily wounded.
The river rat bites you. The river rat misses you.
The river rat closely misses you. The river rat barely misses you.
Aiming: Sandblast (safe; 1% risk of failure)
Press: ? - help, Q - select action, (/) - cycle Shift-Dir - straight line, f/p - river rat
Aim: a river rat (heavily wounded, 81% to hit)
The blast of sand hits the river rat!
You kill the river rat!
The river rat bites you!
* * * LOW HITPOINT WARNING * * *
The river rat closely misses you.
Unknown command.
It was a potion of curing.
You feel better. The river rat barely misses you.
Aiming: Sandblast (safe; 1% risk of failure)
Press: ? - help, Q - select action, (/) - cycle Shift-Dir - straight line, f - river rat
Aim: a river rat (81% to hit)
The blast of sand hits the river rat.
The river rat is heavily wounded.
The river rat closely misses you. x2
Aiming: Sandblast (safe; 1% risk of failure)
Press: ? - help, Q - select action, (/) - cycle Shift-Dir - straight line, f/p - river rat
Aim: a river rat (heavily wounded, 81% to hit)
The blast of sand hits the river rat but does no damage.
The river rat is heavily wounded.
The river rat bites you but does no damage.
The river rat barely misses you.
Aiming: Sandblast (safe; 1% risk of failure)
Press: ? - help, Q - select action, (/) - cycle Shift-Dir - straight line, f/p - river rat
Aim: a river rat (heavily wounded, 81% to hit)
The blast of sand misses the river rat.
The river rat misses you. The river rat bites you!
You die...

≈≈≈.≈≈.≈.≈≈≈≈≈≈≈≈≈≈..≈≈≈≈≈.≈≈≈†≈≈
≈≈≈≈≈≈≈≈≈≈≈≈≈≈≈≈≈≈≈≈≈≈≈≈≈≈≈≈≈≈≈≈≈
≈≈≈≈.≈..≈≈≈≈≈≈≈≈≈≈≈≈≈≈.≈≈≈≈.≈≈≈≈≈
≈≈≈#######################≈≈≈####
≈≈≈# ###### ###### #≈≈≈# .≈≈#
#....# #!..!# #≈≈≈#
≈≈≈#####''#####''##### #.≈≈#
.≈≈≈.≈..............∩# #≈≈.#
.≈≈≈≈...........@...∩#
≈≈≈#####''#####r†##### .≈≈#
#....# #.... .≈≈# ###### ######
≈≈≈# ≈≈≈≈ ≈≈.≈≈ ≈≈≈≈.≈ .≈.####


You could see a river rat.

Vanquished Creatures
  A river rat (Sewer)
  8 adders
  A worm (Sewer)
  2 dart slugs (D:1)
  15 bats
  3 endoplasms
  6 giant cockroaches
  7 goblins
  3 hobgoblins (D:2)
  9 jackals
  6 kobolds (D:1)
  10 quokkas
  9 ball pythons
  A frilled lizard (D:2)
  3 rats
84 creatures vanquished.

Notes
Turn   | Place    | Note
-------+----------+-------------------------------------------
     0 | D:1      | quixfox the Gargoyle Earth Elementalist began the quest for
                  | the Orb.
     0 | D:1      | Reached XP level 1. HP: 10/10 MP: 3/3
    85 | D:1      | Reached XP level 2. HP: 11/15 MP: 0/5
   218 | D:1      | Reached skill level 4 in Earth Magic
   534 | D:1      | Reached XP level 3. HP: 19/19 MP: 4/6
   537 | D:1      | Learned a level 2 spell: Passwall
   541 | D:1      | Learned a level 3 spell: Stone Arrow
  1305 | D:2      | Reached skill level 1 in Conjurations
  1404 | D:2      | Reached XP level 4. HP: 24/24 MP: 6/8
  2328 | D:3      | Reached skill level 5 in Earth Magic
  2340 | D:3      | Found a glowing drain.
  2349 | Sewer    | Entered a sewer
  2351 | Sewer    | Reached XP level 5. HP: 28/28 MP: 4/9
  2732 | Sewer    | HP: 1/28 [river rat (8)]
  2736 | Sewer    | Slain by a river rat

Illustrated notes

Levels and vault maps discovered:
D:1:      psy_arrival_statuary, layout_basic, amcnicky_mini_pool_small
D:2:      layout_loops_ring
D:3:      layout_rooms, ebering_ghost_gozag, gup_sewer_entry_bubbles,
          kennysheep_donut
Sewer:    sewer_fruit_machine

Skill      XL: |  1  2  3  4 |
---------------+-------------+-----
Earth Magic    | 4 5 |  5.3
Conjurations   | 1 2 |  2.4
Spellcasting   | 3 |  3.5
Dodging        | |  1.5
Stealth        | |  2.1
Transmutations | |  0.7

Action                   |  1- 3 |  4- 6 || total
-------------------------+-------+-------++-------
Melee: Unarmed           |     5 |       ||     5
 Cast: Sandblast         |    52 |    74 ||   126
  Use: Scroll            |       |     5 ||     5
       Potion            |       |     1 ||     1
Armor: Robe              |     9 |    18 ||    27
Dodge: Dodged            |    15 |    46 ||    61

Table legend: (Time is in decaauts)
 A = Elapsed time spent in this place.
 B = Non-inter-level travel time spent in this place.
 C = Inter-level travel time spent in this place.
 D = Time resting spent in this place.
 E = Time spent auto-exploring this place.
 F = Levels seen in this place.
 G = Mean time per level.
                   A        B        C        D        E       F      G
               +--------+--------+--------+--------+--------+-----+--------+
         Total |   2917 |   2854 |     63 |    177 |   2093 |   4 |  729.2 |
       Dungeon |   2457 |   2394 |     63 |    137 |   1785 |   3 |  819.0 |
         Sewer |    459 |    459 |      0 |     40 |    308 |   1 |  459.0 |
               +--------+--------+--------+--------+--------+-----+--------+

Top non-repeatable levels by time:
     D:1: 1316 daAuts
     D:2: 988 daAuts
   Sewer: 459 daAuts
     D:3: 152 daAuts
